| TOP OF THE 1ST |
|
Midland RockHounds batting - Pitching for Erie SeaWolves : RHP Mike Santana
|
|
Pitching: RHP Mike Santana
|
|
|
Batting: RHB Chris Bohm
|
0-0: Foul Ball, location: 2F 0-1: Ball 1-1: Ball 2-1: Ground out 5-3 (Groundball, 56, EV 90.0 MPH)
|
|
Batting: RHB Chris Prinzing
|
0-0: Ground out 1-3 (Groundball, 15S, EV 64.4 MPH)
|
|
Pitching: LHP Jim Daum
|
|
|
Batting: LHB Tom Raupp
|
0-0: Ball 1-0: Swinging Strike 1-1: Swinging Strike 1-2: Fly out, F8 (Flyball, 8RD, EV 75.6 MPH)
|
| Top of the 1st over - 0 runs, 0 hits, 0 errors, 0 left on base; Midland 0 - Erie 0 |
| BOTTOM OF THE 1ST |
|
Erie SeaWolves batting - Pitching for Midland RockHounds : LHP John Salzmann
|
|
Pitching: LHP John Salzmann
|
|
|
Batting: SHB Willie Medina
|
0-0: Called Strike 0-1: Called Strike 0-2: Ball 1-2: Ball 2-2: Ball 3-2: Strikes out swinging
|
|
Batting: RHB Aaron Cusick
|
0-0: Bunt missed! 0-1: Foul Ball, location: 2F 0-2: Ball 1-2: Ground out U3 (Groundball, 13, EV 87.5 MPH)
|
|
Batting: RHB Eric Angelle
|
0-0: Ball 1-0: Ball 2-0: Swinging Strike 2-1: Swinging Strike 2-2: Ground out 5-3 (Groundball, 5, EV 100.6 MPH)
|
| Bottom of the 1st over - 0 runs, 0 hits, 0 errors, 0 left on base; Midland 0 - Erie 0 |
| TOP OF THE 2ND |
|
Midland RockHounds batting - Pitching for Erie SeaWolves : LHP Jim Daum
|
|
Batting: RHB Don Burt
|
0-0: Ball 1-0: Ground out 5-3 (Groundball, 5, EV 100.6 MPH)
|
|
Batting: RHB Matt Sherard
|
0-0: Called Strike 0-1: SINGLE (Groundball, 4MD, EV 96.2 MPH)
|
|
Batting: LHB Chance Stever
|
0-0: Called Strike Matt Sherard is caught stealing 2nd base 2-6 0-1: Ball 1-1: Ground out U3 (Groundball, 3, EV 90.6 MPH)
|
| Top of the 2nd over - 0 runs, 1 hit, 0 errors, 0 left on base; Midland 0 - Erie 0 |
| BOTTOM OF THE 2ND |
|
Erie SeaWolves batting - Pitching for Midland RockHounds : LHP John Salzmann
|
|
Batting: RHB Joe Zimmerman
|
0-0: Foul Ball, location: 2F 0-1: Foul Ball, location: 2F 0-2: Strikes out looking
|
|
Batting: RHB German Quiroga
|
0-0: Ball 1-0: Foul Ball, location: 2F 1-1: Ground out U3 (Groundball, 34, EV 105.0 MPH)
|
|
Batting: RHB Carlos Armenteros
|
0-0: Ball 1-0: Foul Ball, location: 2F 1-1: Ball 2-1: Ball 3-1: Base on Balls
|
|
Batting: RHB Jaden Warrior
|
0-0: Ball 1-0: Foul Ball, location: 2F 1-1: 2-RUN HOME RUN (Flyball, 78XD, EV 115.6 MPH), Distance : 443 ft
|
|
Batting: RHB Yankel Pensak
|
0-0: Ball 1-0: Called Strike 1-1: Ball 2-1: Swinging Strike 2-2: Ball 3-2: Base on Balls
|
|
Batting: RHB Yaremka Rzhevsky
|
0-0: Ball 1-0: Foul Ball, location: 2F 1-1: Ball 2-1: Ball 3-1: Base on Balls Yankel Pensak to second
|
|
Batting: SHB Willie Medina
|
0-0: Called Strike 0-1: Foul Ball, location: 2F 0-2: Ball 1-2: Strikes out swinging
|
| Bottom of the 2nd over - 2 runs, 1 hit, 0 errors, 2 left on base; Midland 0 - Erie 2 |
| TOP OF THE 3RD |
|
Midland RockHounds batting - Pitching for Erie SeaWolves : LHP Jim Daum
|
|
Batting: RHB Micah Roth
|
0-0: Ground out 1-3 (Groundball, 25, EV 68.1 MPH)
|
|
Batting: LHB Robert Wilkins
|
0-0: Ball 1-0: Ball 2-0: Ground out 5-3 (Groundball, 56D, EV 94.4 MPH)
|
|
Batting: RHB Larry Clark
|
0-0: Ball 1-0: Ball 2-0: Called Strike 2-1: Ball 3-1: Foul Ball, location: 2F 3-2: Strikes out looking
|
| Top of the 3rd over - 0 runs, 0 hits, 0 errors, 0 left on base; Midland 0 - Erie 2 |
| BOTTOM OF THE 3RD |
|
Erie SeaWolves batting - Pitching for Midland RockHounds : LHP John Salzmann
|
|
Batting: RHB Aaron Cusick
|
0-0: Ball 1-0: Called Strike 1-1: Ball 2-1: SINGLE (Line Drive, 78M, EV 86.9 MPH)
|
|
Batting: RHB Eric Angelle
|
0-0: Ball 1-0: Ball 2-0: Called Strike 2-1: Fly out, F3 (Line Drive, 3, EV 63.1 MPH)
|
|
Batting: RHB Joe Zimmerman
|
0-0: Ball 1-0: Called Strike 1-1: Fly out, F4 (Flyball, 4MD, EV 86.9 MPH)
|
|
Batting: RHB German Quiroga
|
0-0: Ball 1-0: Swinging Strike 1-1: Swinging Strike 1-2: Strikes out looking
|
| Bottom of the 3rd over - 0 runs, 1 hit, 0 errors, 1 left on base; Midland 0 - Erie 2 |
| TOP OF THE 4TH |
|
Midland RockHounds batting - Pitching for Erie SeaWolves : LHP Jim Daum
|
|
Batting: RHB Chris Bohm
|
0-0: Foul Ball, location: 2F 0-1: Foul Ball, location: 2F 0-2: Foul Ball, location: 2F 0-2: Foul Ball, location: 2F 0-2: Ball 1-2: Foul Ball, location: 2F 1-2: Fly out, F9 (Flyball, 9, EV 95.0 MPH)
|
|
Batting: RHB Chris Prinzing
|
0-0: Swinging Strike 0-1: Called Strike 0-2: Ball 1-2: Ball 2-2: Ball 3-2: Strikes out swinging
|
|
Batting: LHB Tom Raupp
|
0-0: Ball 1-0: Called Strike 1-1: Ball 2-1: Foul Ball, location: 2F 2-2: Ball 3-2: Strikes out looking
|
| Top of the 4th over - 0 runs, 0 hits, 0 errors, 0 left on base; Midland 0 - Erie 2 |
| BOTTOM OF THE 4TH |
|
Erie SeaWolves batting - Pitching for Midland RockHounds : LHP John Salzmann
|
|
Batting: RHB Carlos Armenteros
|
0-0: Called Strike 0-1: Ball 1-1: Foul Ball, location: 2F 1-2: Strikes out swinging
|
|
Batting: RHB Jaden Warrior
|
0-0: Ball 1-0: Called Strike 1-1: Called Strike 1-2: Strikes out looking
|
|
Batting: RHB Yankel Pensak
|
0-0: Ball 1-0: Swinging Strike 1-1: DOUBLE (Groundball, 5L, EV 98.8 MPH)
|
|
Batting: RHB Yaremka Rzhevsky
|
0-0: Ball Yankel Pensak is caught stealing 3rd base 2-5
|
| Bottom of the 4th over - 0 runs, 1 hit, 0 errors, 0 left on base; Midland 0 - Erie 2 |
| TOP OF THE 5TH |
|
Midland RockHounds batting - Pitching for Erie SeaWolves : LHP Jim Daum
|
|
Batting: RHB Don Burt
|
0-0: Foul Ball, location: 2F 0-1: Called Strike 0-2: Ball 1-2: Strikes out swinging
|
|
Batting: RHB Matt Sherard
|
0-0: Called Strike 0-1: Fly out, F7 (Flyball, 78S, EV 93.1 MPH)
|
|
Batting: LHB Chance Stever
|
0-0: SINGLE (Groundball, 56D, EV 108.8 MPH)
|
|
Batting: RHB Micah Roth
|
0-0: Foul Ball, location: 2F 0-1: Ball 1-1: Foul Ball, location: 2F 1-2: Strikes out swinging
|
| Top of the 5th over - 0 runs, 1 hit, 0 errors, 1 left on base; Midland 0 - Erie 2 |
| BOTTOM OF THE 5TH |
|
Erie SeaWolves batting - Pitching for Midland RockHounds : LHP John Salzmann
|
|
Batting: RHB Yaremka Rzhevsky
|
0-0: Ball 1-0: Called Strike 1-1: Foul Ball, location: 2F 1-2: Foul Ball, location: 2F 1-2: Ball 2-2: Ball 3-2: Strikes out swinging
|
|
Batting: SHB Willie Medina
|
0-0: Called Strike 0-1: Ball 1-1: Foul Ball, location: 2F 1-2: Foul Ball, location: 2F 1-2: Foul Ball, location: 2F 1-2: Ball 2-2: Foul Ball, location: 2F 2-2: SOLO HOME RUN (Flyball, 89XD, EV 115.6 MPH), Distance : 438 ft
|
|
Batting: RHB Aaron Cusick
|
0-0: Foul Ball, location: 2F 0-1: Ball 1-1: Swinging Strike 1-2: Foul Ball, location: 2F 1-2: Strikes out swinging
|
|
Pitching: LHP Alex Villagran
|
|
|
Batting: RHB Eric Angelle
|
0-0: Ball 1-0: Ball 2-0: Ball 3-0: Called Strike 3-1: Foul Ball, location: 2F 3-2: DOUBLE (Flyball, 8LXD, EV 91.2 MPH)
|
|
Batting: RHB Joe Zimmerman
|
0-0: Ball 1-0: Swinging Strike 1-1: Called Strike 1-2: Foul Ball, location: 2F 1-2: Foul Ball, location: 2F 1-2: Ball 2-2: Strikes out swinging
|
| Bottom of the 5th over - 1 run, 2 hits, 0 errors, 1 left on base; Midland 0 - Erie 3 |
| TOP OF THE 6TH |
|
Midland RockHounds batting - Pitching for Erie SeaWolves : LHP Jim Daum
|
|
Batting: LHB Robert Wilkins
|
0-0: Foul Ball, location: 2F 0-1: Ground out 6-3 (Groundball, 6D, EV 103.8 MPH)
|
|
Batting: RHB Larry Clark
|
0-0: Foul Ball, location: 2F 0-1: SINGLE (Groundball, 4MS, EV 70.0 MPH) (infield hit)
|
|
Batting: RHB Chris Bohm
|
0-0: Called Strike 0-1: Called Strike 0-2: Ball 1-2: Ball 2-2: Strikes out swinging
|
|
Pitching: RHP Rich Nunez
|
|
|
Batting: RHB Chris Prinzing
|
0-0: Ball 1-0: 2-RUN HOME RUN (Flyball, 78XD, EV 108.1 MPH), Distance : 427 ft
|
|
Batting: LHB Tom Raupp
|
0-0: Ball 1-0: Called Strike 1-1: Swinging Strike 1-2: Ball 2-2: Ground out 4-3 (Groundball, 4M, EV 90.6 MPH)
|
| Top of the 6th over - 2 runs, 2 hits, 0 errors, 0 left on base; Midland 2 - Erie 3 |
| BOTTOM OF THE 6TH |
|
Erie SeaWolves batting - Pitching for Midland RockHounds : LHP Alex Villagran
|
|
Batting: RHB German Quiroga
|
0-0: Ball 1-0: Ball 2-0: Foul Ball, location: 2F 2-1: Swinging Strike 2-2: Ball 3-2: Base on Balls
|
|
Batting: RHB Carlos Armenteros
|
0-0: Hit by Pitch German Quiroga to second
|
|
Batting: RHB Jaden Warrior
|
0-0: Fielders Choice at 2nd, 6-4 (Groundball, 56D, EV 77.5 MPH) German Quiroga to third
|
|
Batting: RHB Yankel Pensak
|
0-0: Ball 1-0: Foul Ball, location: 2F 1-1: Foul Ball, location: 2F 1-2: Fly out, F8 (Flyball, 78S, EV 84.4 MPH)
|
|
Batting: RHB Yaremka Rzhevsky
|
0-0: Ball 1-0: Called Strike 1-1: Ground out 1-3 (Groundball, 13S, EV 70.0 MPH)
|
| Bottom of the 6th over - 0 runs, 0 hits, 0 errors, 2 left on base; Midland 2 - Erie 3 |
| TOP OF THE 7TH |
|
Midland RockHounds batting - Pitching for Erie SeaWolves : RHP Rich Nunez
|
|
Batting: RHB Don Burt
|
0-0: Ball 1-0: Ball 2-0: Fly out, F9 (Flyball, 9S, EV 76.2 MPH)
|
|
Batting: RHB Matt Sherard
|
0-0: Foul Ball, location: 2F 0-1: Ball 1-1: Foul Ball, location: 2F 1-2: Ball 2-2: Ground out 5-3 (Groundball, 56S, EV 86.2 MPH)
|
|
Pitching: LHP George Moran
|
|
|
Batting: LHB Chance Stever
|
0-0: Ball 1-0: Ball 2-0: Foul Ball, location: 2F 2-1: Ball 3-1: Base on Balls
|
|
Batting: RHB Micah Roth
|
0-0: Ball 1-0: Ball 2-0: Fielders Choice at 2nd, 5-4 (Groundball, 56, EV 88.8 MPH)
|
| Top of the 7th over - 0 runs, 0 hits, 0 errors, 1 left on base; Midland 2 - Erie 3 |
| BOTTOM OF THE 7TH |
|
Erie SeaWolves batting - Pitching for Midland RockHounds : LHP Alex Villagran
|
|
Pitching: RHP Jon Hollman
|
|
|
Batting: SHB Willie Medina
|
0-0: Ground out 6-3 (Groundball, 6M, EV 83.8 MPH)
|
|
Batting: RHB Aaron Cusick
|
0-0: Swinging Strike 0-1: Ball 1-1: Ball 2-1: Swinging Strike 2-2: Foul Ball, location: 2F 2-2: Ball 3-2: Strikes out swinging
|
|
Batting: RHB Eric Angelle
|
0-0: Ball 1-0: Ball 2-0: Called Strike 2-1: Foul Ball, location: 2F 2-2: Fly out, F3 (Line Drive, 34, EV 67.5 MPH)
|
| Bottom of the 7th over - 0 runs, 0 hits, 0 errors, 0 left on base; Midland 2 - Erie 3 |
| TOP OF THE 8TH |
|
Midland RockHounds batting - Pitching for Erie SeaWolves : LHP George Moran
|
|
Batting: LHB Robert Wilkins
|
0-0: Called Strike 0-1: Foul Ball, location: 2F 0-2: Foul Ball, location: 2F 0-2: Strikes out swinging, 2-3 out at first.
|
|
Batting: RHB Larry Clark
|
0-0: Ball 1-0: Foul Ball, location: 2F 1-1: Ball 2-1: Fly out, F8 (Line Drive, 89D, EV 91.2 MPH)
|
|
Batting: RHB Chris Bohm
|
0-0: Called Strike 0-1: Foul Ball, location: 2F 0-2: Ball 1-2: Strikes out swinging
|
| Top of the 8th over - 0 runs, 0 hits, 0 errors, 0 left on base; Midland 2 - Erie 3 |
| BOTTOM OF THE 8TH |
|
Erie SeaWolves batting - Pitching for Midland RockHounds : RHP Jon Hollman
|
|
Pitching: RHP Chad Casey
|
|
|
Batting: RHB Joe Zimmerman
|
0-0: Ball 1-0: Foul Ball, location: 2F 1-1: Fly out, F8 (Line Drive, 8RD, EV 93.8 MPH)
|
|
Batting: RHB German Quiroga
|
0-0: Foul Ball, location: 2F 0-1: Ground out 1-3 (Groundball, P, EV 62.5 MPH)
|
|
Batting: RHB Carlos Armenteros
|
0-0: Ball 1-0: Ball 2-0: Ground out 5-3 (Groundball, 5S, EV 66.9 MPH)
|
| Bottom of the 8th over - 0 runs, 0 hits, 0 errors, 0 left on base; Midland 2 - Erie 3 |
| TOP OF THE 9TH |
|
Midland RockHounds batting - Pitching for Erie SeaWolves : LHP George Moran
|
|
Pitching: RHP Joe Spampinato
|
|
|
Batting: RHB Chris Prinzing
|
0-0: Called Strike 0-1: Ball 1-1: Ball 2-1: Swinging Strike 2-2: Strikes out swinging
|
|
Batting: LHB Tom Raupp
|
0-0: Fly out, F9 (Flyball, 9, EV 85.6 MPH)
|
|
Batting: RHB Don Burt
|
0-0: Called Strike 0-1: Ball 1-1: Called Strike 1-2: Strikes out swinging
|
| Top of the 9th over - 0 runs, 0 hits, 0 errors, 0 left on base; Midland 2 - Erie 3 |
|